 Dungeon Crawl Stone Soup version 0.19-a0-944-gb338e1e (webtiles) character file.

4265 zervinho the Infuser (level 10, -8/73 HPs)
             Began as a Red Draconian Conjurer on July 10, 2016.
             Was a Follower of Vehumet.
             Mangled by a wyvern skeleton (11 damage)
             ... on level 9 of the Dungeon.
             The game lasted 00:54:52 (12672 turns).

zervinho the Infuser (Red Draconian Conjurer)      Turns: 12672, Time: 00:54:53

Health: -8/73      AC:  7    Str: 11    XL:     10   Next: 10%
Magic:  8/14       EV: 12    Int: 22    God:    Vehumet [*.....]
Gold:   600        SH:  3    Dex: 12    Spells: 3 memorised, 6 levels left

rFire  + + .     SeeInvis .     k - +3 short sword
rCold  x . .     Gourm    .     (armour unavailable)
rNeg   . . .     Faith    .     y - +0 buckler
rPois  .         Spirit   .     (helmet restricted)
rElec  .         Dismiss  .     (no cloak)
rCorr  .         Reflect  .     (no gloves)
SustAt .         Harm     .     (no boots)
MR     .....                    (no amulet)
Stlth  ++........               H - +4 ring of intelligence
                                e - ring of fire

@: about to teleport, not resistant to hostile enchantments, unstealthy
A: breathe fire, unfitting armour, fire resistance 1, cold-blooded, AC +7
a: Breathe Fire, Renounce Religion


You were on level 9 of the Dungeon.
You worshipped Vehumet.
Vehumet was aware of your devotion.
You were not hungry.

You visited 2 branches of the dungeon, and saw 10 of its levels.

You collected 600 gold pieces.

Inventory:

Hand Weapons
 d - a +0 hunting sling
 k - a +3 short sword (weapon)
Missiles
 g - 135 arrows
 o - 355 stones (quivered)
 t - 43 sling bullets
Armour
 y - a +0 buckler (worn)
Jewellery
 e - a ring of fire (left hand)
 H - a +4 ring of intelligence (right hand)
Wands
 x - a wand of hasting (3/9)
 B - a wand of random effects (12/48)
 E - a wand of paralysis (11/24)
 N - a wand of paralysis (14/24)
Scrolls
 c - 3 scrolls of identify
 f - a scroll of fog {unknown}
 l - 4 scrolls of remove curse
 m - a scroll of magic mapping {unknown}
 n - 2 scrolls of enchant armour {unknown}
 q - a scroll of immolation {unknown}
 s - a scroll of teleportation
 w - 2 scrolls of enchant weapon {unknown}
 K - a scroll of amnesia {unknown}
 L - 2 scrolls of recharging {unknown}
 M - a scroll of blinking {unknown}
 Q - 2 scrolls of fear {unknown}
Potions
 h - 6 potions of flight {unknown}
 i - a potion of beneficial mutation {unknown}
 j - 5 potions of haste {unknown}
 p - a potion of lignification {unknown}
 r - 5 potions of heal wounds
 u - 5 potions of curing {unknown}
 v - 4 potions of might
 C - a potion of cure mutation {unknown}
 D - a potion of agility {unknown}
 F - 2 potions of brilliance {unknown}
 I - a potion of ambrosia {unknown}
 P - 2 potions of berserk rage {unknown}
Books
 a - a book of Conjurations

   Spells                             Type                      Level
   a - Magic Dart                     Conjuration                  1
   b - Searing Ray                    Conjuration                  2
   c - Dazzling Spray                 Conjuration/Hexes            3
   d - Fulminant Prism                Conjuration/Hexes            4
   e - Iskenderun's Mystic Blast      Conjuration                  4
   f - Iskenderun's Battlesphere      Conjuration/Charms           5
 A - a book of the Warp

   Spells                             Type                      Level
   a - Recall                         Summoning/Translocation      3
   b - Gell's Gravitas                Hexes/Translocation          3
   c - Force Lance                    Conjuration/Translocation    4
   d - Warp Weapon                    Charms/Translocation         5
   e - Summon Forest                  Summoning/Translocation      5
 G - a book of Ice

   Spells                             Type                      Level
   a - Ice Form                       Ice/Transmutation            4
   b - Metabolic Englaciation         Hexes/Ice                    5
   c - Ozocubu's Refrigeration        Ice                          6
   d - Bolt of Cold                   Conjuration/Ice              6
   e - Freezing Cloud                 Conjuration/Ice/Air          6
   f - Simulacrum                     Ice/Necromancy               6
 R - a book of Frost

   Spells                             Type                      Level
   a - Freeze                         Ice                          1
   b - Throw Frost                    Conjuration/Ice              2
   c - Ozocubu's Armour               Charms/Ice                   3
   d - Throw Icicle                   Conjuration/Ice              4
   e - Summon Ice Beast               Ice/Summoning                4
Comestibles
 b - 9 bread rations
 z - a meat ration
 J - 4 chunks of flesh
 O - 5 beef jerkies


   Skills:
 + Level 1.9 Fighting
 + Level 2.6 Dodging
 - Level 1.7 Stealth
 - Level 1.1 Shields
 + Level 2.7 Spellcasting
 * Level 8.2 Conjurations
 - Level 11.0 Charms


You had 6 spell levels left.
You knew the following spells:

 Your Spells              Type           Power        Failure   Level  Hunger
a - Magic Dart            Conj           ####         1%          1    None
b - Searing Ray           Conj           #####.       1%          2    ##.....
c - Iskenderun's Battles  Conj/Chrm      #####...     12%         5    ######.


Dungeon Overview and Level Annotations

Branches:
Dungeon (9/15)             Temple (1/1) D:7
   Lair: D:8-11         Orc: D:9-12

Altars:
Dithmenos
Elyvilon
Fedhas
Gozag
Kikubaaqudgha
Nemelex Xobeh
Okawaru
Pakellas
Qazlal
Ru
Sif Muna
Trog
Uskayaw
Vehumet
Zin
The Shining One

Shops:
D:5 :

Annotations:
D:3 bezhaha's ghost, amateur DgAs


Innate Abilities, Weirdness & Mutations

You can breathe blasts of fire.
Your fiery red scales are hard. (AC +7)
Your body does not fit into most forms of armour.
Your flesh is heat resistant. (rF+)
You are cold-blooded and may be slowed by cold attacks.


Message History

Press: ? - help, Shift-Dir - straight line, f/p - ogre
Aim: an ogre, wielding a giant spiked club (moderately wounded)
The searing ray hits the wyvern skeleton.
The wyvern skeleton bites you!
The searing ray hits the wyvern skeleton.
The wyvern skeleton bites you. The ogre closely misses you.
The wyvern skeleton bites you.
The searing ray hits the wyvern skeleton.
The wyvern skeleton closely misses you.
The ogre hits you with a giant spiked club!
* * * LOW HITPOINT WARNING * * *
The wyvern skeleton bites you!
* * * LOW HITPOINT WARNING * * *
The wyvern skeleton closely misses you. The wyvern skeleton barely misses you.
The wyvern skeleton bites you.
* * * LOW HITPOINT WARNING * * *
As you read the scroll of teleportation, it crumbles to dust.
You feel strangely unstable. The wyvern skeleton bites you!
You die...

............................#
..............############..#
..............############..#
............................#
#########..................)#
#########...##############).#
.........................รท..#
............................#
................@Z..........#
############.....O..........#
############.)..............#
............................#
............................#
>...........................#
............................#
............................#
..<.........................#


You could see an ogre and a wyvern skeleton.

Vanquished Creatures
  Pikel (D:9)
  2 hippogriffs
  Menkaure (D:4)
  A water moccasin (D:7)
  2 sky beasts
  An ice beast (D:6)
  A slave (D:9)
  An eye of draining (D:8)
  8 ogres
  A centaur (D:8)
  2 giant frogs
  2 scorpions
  3 wights
  3 killer bees (D:7)
  A centaur zombie (D:9)
  A giant frog zombie (D:8)
  6 howler monkeys
  2 crimson imps
  4 hounds
  4 jellies
  6 orc wizards
  5 orc priests
  3 giant frog skeletons
  3 iguanas
  10 worker ants
  A hound skeleton (D:9)
  Robin (D:3)
  16 gnolls
  4 adders
  2 adder skeletons
  2 worms
  2 dart slugs (D:1)
  6 giant geckos
  33 orcs
  5 ball pythons
  8 bats
  5 giant cockroaches
  26 goblins
  9 hobgoblins
  11 jackals
  7 kobolds
  5 quokkas
  8 giant newts
  A quokka zombie (D:9)
  7 rats
233 creatures vanquished.

Vanquished Creatures (others)
  A slave (D:9)
  An orc priest (D:9)
  2 orcs (D:9)
4 creatures vanquished.

Grand Total: 237 creatures vanquished

Notes
Turn   | Place    | Note
-------+----------+-------------------------------------------
     0 | D:1      | zervinho the Draconian Conjurer began the quest for the Orb.
     0 | D:1      | Reached XP level 1. HP: 14/14 MP: 3/3
    30 | D:1      | Found a sparkling altar of Nemelex Xobeh.
   402 | D:1      | Reached XP level 2. HP: 20/20 MP: 0/5
   410 | D:1      | Learned a level 2 spell: Searing Ray
  1139 | D:1      | Reached skill level 5 in Conjurations
  1139 | D:1      | Reached XP level 3. HP: 26/26 MP: 4/6
  1939 | D:2      | Found an oddly glowing altar of Pakellas.
  2461 | D:2      | Reached XP level 4. HP: 22/33 MP: 2/7
  2589 | D:3      | Noticed an ogre
  2812 | D:3      | Noticed bezhaha's ghost (amateur DgAs)
  3105 | D:3      | Reached XP level 5. HP: 33/38 MP: 8/8
  3112 | D:3      | Learned a level 5 spell: Iskenderun's Battlesphere
  3147 | D:3      | Noticed Robin
  3174 | D:3      | Killed Robin
  3361 | D:3      | Reached skill level 1 in Charms
  3558 | D:3      | Killed an ogre
  3558 | D:3      | Reached skill level 2 in Charms
  3558 | D:3      | Reached XP level 6. HP: 14/45 MP: 3/9
  4149 | D:3      | Reached skill level 3 in Charms
  4638 | D:3      | Your scales start taking on a fiery red colour.
  4638 | D:3      | Reached XP level 7. HP: 16/50 MP: 2/10
  4638 | D:3      | Gained mutation: Your flesh is heat resistant. (rF+) [Red Draconian growth]
  4965 | D:4      | Reached skill level 1 in Shields
  5343 | D:4      | Reached skill level 4 in Charms
  5519 | D:4      | Noticed Menkaure
  5524 | D:4      | Killed Menkaure
  5524 | D:4      | Reached skill level 5 in Charms
  5915 | D:4      | Found an iron altar of Okawaru.
  6009 | D:5      | Entered Level 5 of the Dungeon
  6024 | D:5      | Reached XP level 8. HP: 57/57 MP: 4/11
  6118 | D:5      | Reached skill level 6 in Charms
  6347 | D:5      | Found Cineimn's Book Boutique.
  6520 | D:5      | Found a sparkling altar of Nemelex Xobeh.
  6525 | D:5      | Found a sacrificial altar of Ru.
  6525 | D:5      | Found a white marble altar of Elyvilon.
  6618 | D:5      | Reached skill level 7 in Charms
  7103 | D:6      | Found a blossoming altar of Fedhas.
  7510 | D:6      | Reached skill level 8 in Charms
  8592 | D:7      | Reached XP level 9. HP: 62/62 MP: 8/12
  8708 | D:7      | Reached skill level 9 in Charms
  9131 | D:7      | Found a staircase to the Ecumenical Temple.
  9136 | Temple   | Entered the Ecumenical Temple
  9203 | Temple   | Became a worshipper of Vehumet
 10042 | D:8      | Reached skill level 10 in Charms
 11629 | D:9      | Reached skill level 11 in Charms
 11769 | D:9      | Reached * piety under Vehumet
 11769 | D:9      | Offered knowledge of Sting by Vehumet.
 11827 | D:9      | Noticed Pikel
 11909 | D:9      | Killed Pikel
 11909 | D:9      | Reached skill level 1 in Fighting
 11909 | D:9      | Reached XP level 10. HP: 54/72 MP: 2/13
 12663 | D:9      | HP: 2/73 [wyvern skeleton (16)]
 12670 | D:9      | HP: 3/73 [wyvern skeleton (1)]
 12672 | D:9      | Mangled by a wyvern skeleton

Vault maps used:
D:1:      ncdulo_smallfort, nemelex_xobeh_ov_fountains_minmay
D:2:      grunt_pakellas_sulfur
D:3:      minmay_misc_feat_doors, uniq_robin
D:4:      okawaru_altar_gauntlet_db, uniq_menkaure
D:5:      gammafunk_temple_overflow_forgotten, serial_shops, shop, first_bread
D:6:      fedhas_altar_fruit_tree
D:7:      grunt_ogre_cave
D:8:      kennysheep_generic_room_13
D:9:      serial_bayou_pond_a, uniq_pikel
Temple:   eino_temple_scatter_basement

Skill      XL: |  1  2  3  4  5  6  7  8  9 |
---------------+----------------------------+-----
Conjurations   | 5 6 7 8 |  8.2
Charms         | 2 3 5 8 11 | 11.0
Shields        | 1 |  1.1
Dodging        | 2 |  2.6
Fighting       | 1 |  1.9
Stealth        | |  1.7
Spellcasting   | |  2.7

Action                   |  1- 3 |  4- 6 |  7- 9 | 10-12 || total
-------------------------+-------+-------+-------+-------++-------
Melee: Unarmed           |    32 |       |       |       ||    32
       Tailslap          |     8 |     7 |    25 |     1 ||    41
       Short sword       |    55 |   117 |   186 |    17 ||   375
 Cast: Magic Dart        |    55 |    23 |   209 |    18 ||   305
       Searing Ray       |     2 |    18 |    39 |     4 ||    63
       Iskenderun's Batt |       |       |     7 |     3 ||    10
 Abil: Breathe Fire      |       |       |     3 |       ||     3
  Use: Scroll            |     4 |       |     5 |     1 ||    10
 Stab: Sleeping          |     3 |     3 |     3 |       ||     9
  Eat: Chunk             |     6 |     3 |    19 |       ||    28
       Meat ration       |       |     1 |     1 |     1 ||     3
       Fruit             |       |       |     3 |     1 ||     4
       Beef jerky        |       |       |     2 |       ||     2
       Royal jelly       |       |       |     1 |       ||     1
Armor: Skin              |    26 |    39 |    84 |    12 ||   161
Dodge: Dodged            |    71 |    80 |   167 |    20 ||   338
Block: Buckler           |       |       |    43 |     5 ||    48
